 Dungeon Crawl Stone Soup version 0.21.1-1-g345015f (webtiles) character file.

101 shakethe the Ogre Mage (level 4, -4/42 HPs)
             Began as an Ogre Fire Elementalist on Feb 18, 2018.
             Slain by zhorgal's ghost (5 damage)
             ... on level 3 of the Dungeon.
             The game lasted 00:08:38 (3246 turns).

shakethe the Ogre Mage (Ogre Fire Elementalist)     Turns: 3246, Time: 00:08:38

Health: -4/42      AC:  3    Str: 15 (17) XL:     4   Next: 75%
Magic:  8/8        EV: 10    Int: 14 (17) God:
Gold:   93         SH:  0    Dex:  7 (9)  Spells: 5/9 levels left

rFire    . . .     SeeInvis .   i - +0 mace
rCold    + . .     Gourm    .   (no shield)
rNeg     . . .     Faith    .   a - +0 robe
rPois    .         Spirit   .   (helmet restricted)
rElec    .         Reflect  .   (no cloak)
rCorr    .         Harm     .   (gloves unavailable)
MR       .....                  (boots unavailable)
Stlth    +.........             (no amulet)
HPRegen  0.14/turn              (no ring)
MPRegen  0.11/turn              (no ring)

@: mighty, flying
A: large, unfitting armour, cold resistance 1, mutation resistance 1, tough skin
1
a: no special abilities


You were on level 3 of the Dungeon.
You were hungry.

You visited 1 branch of the dungeon, and saw 3 of its levels.

You collected 93 gold pieces.

Inventory:

Hand Weapons
 i - a +0 mace (weapon)
   (You found it on level 2 of the Dungeon)
 o - a +0 blowgun
   (You took it off a kobold on level 3 of the Dungeon)
Missiles
 p - 4 poisoned needles
Armour
 a - a +0 robe (worn)
 f - a +0 shield
   (You found it on level 1 of the Dungeon)
Scrolls
 e - a scroll of fear {unknown}
 j - 2 scrolls of blinking {unknown}
 k - 6 scrolls of identify {unknown}
 n - a scroll of teleportation {unknown}
 q - a scroll of enchant weapon {unknown}
 s - a scroll of amnesia {unknown}
Potions
 d - a potion of flight
 g - a potion of heal wounds {unknown}
 m - a potion of brilliance {unknown}
Books
 b - a book of Flames
Comestibles
 c - 3 rations


   Skills:
 + Level 2.1 Fighting
 + Level 1.2 Maces & Flails
 + Level 1.0 Throwing
 - Level 1.7 Dodging
 - Level 1.4 Stealth
 + Level 3.2 Spellcasting
 + Level 1.8 Conjurations
 + Level 3.1 Fire Magic


You had 5 spell levels left.
You knew the following spells:

 Your Spells              Type           Power        Failure   Level  Hunger
a - Flame Tongue          Conj/Fire      #....        8%          1    #......
c - Conjure Flame         Conj/Fire      #.......     22%         3    ###....


Dungeon Overview and Level Annotations

Branches:
Dungeon (3/15)

Altars:
Dithmenos
Hepliaklqana
Qazlal
Yredelemnul

Annotations:
D:1 1 runed door
D:3 exclusion: Natasha, Natasha; zhorgal's ghost, amateur GnNe


Innate Abilities, Weirdness & Mutations

You are too large for most types of armour.
You have tough skin. (AC +1)
Your flesh is cold resistant. (rC+)
You are somewhat resistant to further mutation.


Message History

You take 5 damage, and have 28/42 hp.
You barely miss the orc. The orc hits you but does no damage.
The orc barely misses you.
You hit the orc. The orc hits you.
You take 2 damage, and have 27/42 hp.
You hit the orc but do no damage. The orc barely misses you.
You hit the orc. The orc hits you but does no damage.
The orc barely misses you.
You hit the orc but do no damage. The orc hits you.
You take 2 damage, and have 25/42 hp.
You barely miss the orc. The orc hits you.
You take 1 damage, and have 24/42 hp.
You sock the orc!
You kill the orc!
Your Throwing skill increases to level 1!
The bat completely misses you. The orc hits you with a flail.
You take 1 damage, and have 23/42 hp.
You barely miss the orc. The orc barely misses you.
Zhorgal's ghost turns its malevolent gaze towards you.
You sock the orc!
You kill the orc!
The bat barely misses you.
The orc throws a tomahawk.
The tomahawk closely misses you.
The tomahawk barely misses zhorgal's ghost.
The bat hits you but does no damage. The orc hits you with a hand axe.
Items here: )) [[ †† a flail; a leather armour; a dagger; a scale mail; an orc corpse x2
You take 3 damage, and have 20/42 hp.
You barely miss the orc. The bat misses you. The orc hits you with a hand axe.
You take 1 damage, and have 19/42 hp.
The bat closely misses you. The orc closely misses you. The bat hits you.
The orc throws a tomahawk.
The tomahawk closely misses you.
You take 1 damage, and have 19/42 hp.
The bat barely misses you. The bat barely misses you.
The bat barely misses you.
Zhorgal's ghost mumbles some strange words.
Zhorgal's ghost's wounds begin to heal before your eyes!
You hit the bat but do no damage. The bat barely misses you.
The orc hits you with a hand axe!
* * * LOW HITPOINT WARNING * * *
You take 7 damage, and have 12/42 hp.
The bat closely misses you.
You miss the bat. The bat hits you but does no damage. The orc misses you.
The bat hits the plant but does no damage.
The bat barely misses you. The bat hits you but does no damage.
You barely miss the bat. The bat barely misses you.
The orc hits you with a hand axe.
* * * LOW HITPOINT WARNING * * *
You take 3 damage, and have 10/42 hp.
The bat barely misses you. The bat misses you. The bat barely misses you.
The bat barely misses you. The bat hits you.
* * * LOW HITPOINT WARNING * * *
The orc hits you with a hand axe.
* * * LOW HITPOINT WARNING * * *
You take 4 damage, and have 6/42 hp.
The bat barely misses you. The bat hits you.
* * * LOW HITPOINT WARNING * * *
The bat hits you but does no damage. The bat hits you but does no damage.
The bat closely misses you.
A bat comes into view.
The bat barely misses you. The bat hits you.
* * * LOW HITPOINT WARNING * * *
You take 1 damage, and have 5/42 hp.
Zhorgal's ghost is no longer regenerating.
The bat hits you but does no damage. The bat closely misses you.
Zhorgal's ghost says, "Soon you will be my slave."
The bat hits you.
* * * LOW HITPOINT WARNING * * *
Found a stone staircase leading down.
You take 1 damage, and have 4/42 hp.
Okay, then.
The bat misses you.
It was a potion of might.
You feel very mighty all of a sudden. The bat barely misses you.
The bat hits you but does no damage. The bat closely misses you.
It was a potion of degeneration.
There was something very wrong with that liquid.
You feel weakened.
You feel dopey.
You feel clumsy. The bat hits you but does no damage.
The bat barely misses you. The orc hits you with a hand axe.
* * * LOW HITPOINT WARNING * * *
You take 3 damage, and have 2/42 hp.
Unknown command.
It was a potion of flight.
You feel very buoyant.
You fly up into the air.
The bat hits you but does no damage. x2
The orc hits you with a hand axe.
* * * LOW HITPOINT WARNING * * *
You take 1 damage, and have 1/42 hp.
It was a potion of mutation.
You feel extremely strange.
You feel genetically stable.
You feel resistant to cold. The bat hits you but does no damage.
The bat closely misses you. x2
The orc hits you but does no damage. Zhorgal's ghost hits you.
You die...

# ############
...##########...........
.......bW...............
.>....b@o.# #...........
....#####.###...........
. ..............PP......
..#####.###...P♣PP....
#.# #....PP..... #..
#........$.. ...
####.###(.!. ... #.#
#..$. ..... #.# #....


You could see zhorgal's ghost, an orc and 2 bats.

Vanquished Creatures
  A worker ant (D:3)
  2 adders
  An ooze (D:3)
  2 dart slugs
  4 orcs (D:3)
  A ball python (D:2)
  5 bats
  4 giant cockroaches
  4 hobgoblins
  8 kobolds
  5 frilled lizards
  5 goblins
  9 rats
51 creatures vanquished.

Notes
Turn   | Place    | Note
-------+----------+-------------------------------------------
     0 | D:1      | shakethe the Ogre Fire Elementalist began the quest for the Orb.
     0 | D:1      | Reached XP level 1. HP: 16/16 MP: 3/3
     0 | D:1      | Noticed a jelly
     0 | D:1      | Noticed a jelly
     3 | D:1      | Found a runed door.
    49 | D:1      | Reached skill level 1 in Conjurations
   418 | D:1      | Reached XP level 2. HP: 19/26 MP: 1/5
   630 | D:1      | Reached skill level 1 in Fighting
  1271 | D:2      | Reached XP level 3. HP: 11/33 MP: 0/7
  1274 | D:2      | HP: 8/33 [poisoned by an adder]
  1281 | D:2      | HP: 6/33 [poisoned by an adder]
  1288 | D:1      | HP: 5/33 [poisoned by an adder]
  1296 | D:1      | HP: 4/33 [poisoned by an adder]
  1660 | D:2      | Reached skill level 3 in Fire Magic
  1689 | D:2      | Learned a level 3 spell: Conjure Flame
  1987 | D:2      | Found a hazy altar of Hepliaklqana.
  2006 | D:2      | Reached skill level 3 in Spellcasting
  2042 | D:2      | Found a basalt altar of Yredelemnul.
  2118 | D:2      | Found a shadowy altar of Dithmenos.
  2230 | D:2      | Found a stormy altar of Qazlal.
  2548 | D:3      | Reached XP level 4. HP: 26/42 MP: 8/8
  2797 | D:3      | Noticed Natasha
  2852 | D:3      | Reached skill level 1 in Maces & Flails
  2996 | D:3      | Noticed zhorgal's ghost (amateur GnNe)
  3040 | D:3      | Reached skill level 2 in Fighting
  3217 | D:3      | Reached skill level 1 in Throwing
  3231 | D:3      | HP: 10/42 [orc/hand axe (3)]
  3236 | D:3      | HP: 6/42 [bat (1)]
  3241 | D:3      | HP: 4/42 [bat (1)]
  3245 | D:3      | HP: 1/42 [orc/hand axe (1)]
  3246 | D:3      | Gained mutation: You are somewhat resistant to further mutation. [potion of mutation]
  3246 | D:3      | Gained mutation: Your flesh is cold resistant. (rC+) [potion of mutation]
  3246 | D:3      | Slain by zhorgal's ghost

Skill      XL: |  1  2  3  4 |
---------------+-------------+-----
Conjurations   | 1 |  1.8
Fighting       | 1 2 |  2.1
Fire Magic     | 3 |  3.1
Spellcasting   | 3 |  3.2
Maces & Flails | 1 |  1.2
Throwing       | 1 |  1.0
Dodging        | |  1.7
Stealth        | |  1.4

Action                   |  1- 3 |  4- 6 || total
-------------------------+-------+-------++-------
Melee: Unarmed           |    34 |       ||    34
       Club              |    43 |       ||    43
       Mace              |    58 |    41 ||    99
 Cast: Flame Tongue      |    34 |     5 ||    39
  Use: Potion            |       |     4 ||     4
 Stab: Sleeping          |     2 |     1 ||     3
  Eat: Chunk             |     5 |     2 ||     7
Armor: Robe              |    51 |    28 ||    79
Dodge: Dodged            |   121 |    63 ||   184

Vault maps used:
D:1:      dpeg_arrival_caged_fury
D:2:      minmay_wonky_spiral, nicolae_overflow_crystal_walls,
          lemuel_doored_altar, nicolae_dithmenos_through_a_glass_darkly,
          lemuel_round_altar
D:3:      first_ration, serial_forest, infiniplex_forest_lined_3,
          infiniplex_forest_corner_2, infiniplex_forest_clump_medium,
          infiniplex_forest_clump_tiny, infiniplex_forest_straight_2,
          infiniplex_forest_fountain, infiniplex_forest_clump_curved,
          minmay_unequal, uniq_natasha

Table legend:
 A = Turns spent in this place as a percentage of turns spent in the entire game.
 B = Non-inter-level travel turns spent in this place as a percentage of non-inter-level travel turns spent in the entire game.
 C = Inter-level travel turns spent in this place as a percentage of turns spent in this place.
 D = Turns resting spent in this place as a percentage of non-inter-level travel turns spent in this place.
 E = Turns spent auto-exploring this place as a percentage of non-inter-level travel turns spent in this place.
 F = Non-inter-level travel turns spent in this place divided by the number of levels of this place that you've seen.
                   A       B       C       D       E      F
               +-------+-------+-------+-------+-------+----------------------
         Total | 100.0 | 100.0 |   2.3 |  33.5 |  34.5 | 1057.3
       Dungeon | 100.0 | 100.0 |   2.3 |  33.5 |  34.5 | 1057.3
               +-------+-------+-------+-------+-------+----------------------

Table legend:
 A = Kills in this place as a percentage of kills in entire the game.
 B = Kills by you in this place as a percentage of kills by you in the entire game.
 C = Kills by friends in this place as a percentage of kills by friends in the entire game.
 D = Other kills in this place as a percentage of other kills in the entire game.
 E = Experience gained in this place as a percentage of experience gained in the entire game.
 F = Experience gained in this place divided by the number of levels of this place that you have seen.
                   A       B       C       D       E      F
               +-------+-------+-------+-------+-------+----------------------
         Total | 100.0 | 100.0 |   N/A |   N/A | 100.0 |  48.3
       Dungeon | 100.0 | 100.0 |   N/A |   N/A | 100.0 |  48.3
               +-------+-------+-------+-------+-------+----------------------
